cohdb
Replays
Latest Replays
All Replays
Popular Replays
Top Player Replays
Match Explorer
How It Works
Community
CoH3 Stats
Reddit
Sign in to upload your games and track your stats! →
Sign in with Steam
Match 35517830
Unlisted
Match 35517830
Overview
Messages
Build Orders
End
Pioneer Squad
Construct Infanterie Kompanie
MG 42 Machine Gun Team
Selects Mechanized Battlegroup
Grenadier Squad
Grenadier Squad
Construct Luftwaffe Kompanie
Jäger Squad
221 Scout Car
Selects Raid Package
Jäger Squad
Selects Spotting Scopes
Medical Bunker
Support Elements
Wirbelwind Flakpanzer
Jäger Squad
CC1 SKENG INBOUND
Alpenwell
CamaradeOurs
Alfonso
0
0
Comments
sign in to comment!
No comments posted yet!